 Dungeon Crawl Stone Soup version 0.28.0 (webtiles) character file.

Game seed: 8599841035198106091

568 crazypyro the Chopper (level 7, -7/61 HPs)
             Began as a Minotaur Fighter on Feb 8, 2022.
             Mangled by a wyvern (9 damage)
             ... on level 4 of the Dungeon.
             The game lasted 00:02:39 (2965 turns).

crazypyro the Chopper (Minotaur Fighter)            Turns: 2965, Time: 00:02:40

Health: -7/61      AC:  7    Str: 35    XL:     7   Next: 11%
Magic:  6/6        EV: 10    Int:  5    God:
Gold:   132        SH:  5    Dex:  9    Spells: 6/6 levels left

rFire   . . .      SeeInvis .   a - +0 war axe
rCold   . . .      Faith    .   c - +0 buckler
rNeg    . . .      Spirit   .   b - +0 scale mail
rPois   .          Reflect  .   (helmet restricted)
rElec   .          Harm     .   (no cloak)
rCorr   .          Rampage  .   (no gloves)
Will    .....                   (no boots)
Stlth   ..........              (no amulet)
HPRegen 0.20/turn               d - +6 ring of strength
MPRegen 0.10/turn               q - +6 ring of strength

@: no status effects
A: horns 2, retaliatory headbutt
a: no special abilities


You were on level 4 of the Dungeon.
You visited 1 branch of the dungeon, and saw 4 of its levels.

You collected 132 gold pieces.

Inventory:

Hand Weapons
 a - a +0 war axe (weapon)
Armour
 b - a +0 scale mail (worn)
 c - a +0 buckler (worn)
Jewellery
 d - a +6 ring of strength (left hand)
 p - a +4 ring of protection
 q - a +6 ring of strength (right hand)
 s - a +4 ring of evasion
Wands
 r - a wand of mindburst (13)
Scrolls
 e - a scroll of holy word {unknown}
 f - 2 scrolls of fear {unknown}
 h - 3 scrolls of identify {unknown}
 l - a scroll of blinking {unknown}
 t - a scroll of noise {unknown}
Potions
 g - 2 potions of lignification {unknown}
 i - a potion of berserk rage {unknown}
 j - a potion of ambrosia {unknown}
 k - a potion of mutation {unknown}
 m - a potion of haste {unknown}
 n - a potion of curing {unknown}
 o - a potion of might


   Skills:
 + Level 5.4 Fighting
 * Level 6.2 Axes
 + Level 5.4 Armour
 + Level 5.5 Shields


You had 6 spell levels left.
You didn't know any spells.
Your spell library contained the following spells:

 Spells                   Type           Power      Damage    Failure   Level
 Conjure Flame            Conj/Fire      0%         6-21      98%         3
 Ignite Poison            Fire/Tmut/Pois 0%         N/A       98%         3
 Sticky Flame             Conj/Fire      0%         2d3       100%        4
 Summon Forest            Summ/Tloc      0%         N/A       100%        5
 Eringya's Noxious Bog    Tmut/Pois      0%         N/A       100%        6
 Summon Hydra             Summ           0%         N/A       100%        7


Dungeon Overview and Level Annotations

Branches:
Dungeon (4/15)
 Temple: D:4-7

Altars:
Sif Muna


Innate Abilities, Weirdness & Mutations

You have a pair of horns on your head.
You reflexively headbutt those who attack you in melee.


Message History

You kill the hobgoblin!
You block the howler monkey skeleton's attack.
You barely miss the howler monkey skeleton.
The howler monkey skeleton is lightly damaged.
The howler monkey skeleton hits you but does no damage.
You slice the howler monkey skeleton!!
The howler monkey skeleton is almost destroyed.
The howler monkey skeleton hits you but does no damage.
You slash the howler monkey skeleton!
You destroy the howler monkey skeleton!
No target in view!
Found an escape hatch in the floor.
h - 3 scrolls labelled BIGOD JUTE (gained 1)
A wyvern comes into view.
The wyvern hisses angrily.
A wyvern is nearby!
The wyvern bites you.
You slash the wyvern!
The wyvern is moderately wounded.
You block the wyvern's attack.
You barely miss the wyvern. Your headbutt misses the wyvern.
The wyvern is moderately wounded.
The wyvern bites you! The wyvern barely misses you.
You slice the wyvern!! Your headbutt misses the wyvern.
The wyvern is almost dead.
The wyvern bites you. The wyvern bites you!
You are too injured to fight recklessly!
You barely miss the wyvern.
The wyvern is almost dead.
The wyvern closely misses you. The wyvern barely misses you.
You hit the wyvern but do no damage.
The wyvern is almost dead.
The wyvern bites you!
* * * LOW HITPOINT WARNING * * *
The wyvern bites you!
* * * LOW HITPOINT WARNING * * *
You hit the wyvern but do no damage. Your headbutt misses the wyvern.
The wyvern is almost dead.
The wyvern bites you!
You die...

###...#..#######
........# #
###...#..#######
................
##.............
#.............
#.............
#.#########...##..######
#.....l@......##..######
#.####.####.............
#. #............. #.
#............. ..
........###### #.
###............ ..
...#......... ..
.....>....... ........


You could see a wyvern.

Vanquished Creatures
  Sigmund (D:2)
  A black bear (D:4)
  A scorpion (D:4)
  An orc priest (D:4)
  Jessica (D:2)
  10 gnolls
  A howler monkey skeleton (D:4)
  2 adders (D:2)
  A worm (D:3)
  A dart slug (D:2)
  10 orcs (D:4)
  3 ball pythons
  5 endoplasms
  A giant cockroach (D:3)
  10 goblins
  10 hobgoblins
  A quokka (D:1)
  3 bats
  A frilled lizard (D:1)
  3 kobolds (D:1)
  5 rats
72 creatures vanquished.

Notes
Turn   | Place    | Note
-------+----------+-------------------------------------------
     0 | D:1      | crazypyro the Minotaur Fighter began the quest for the Orb.
     0 | D:1      | Reached XP level 1. HP: 19/19 MP: 0/0
   328 | D:1      | Reached XP level 2. HP: 27/27 MP: 1/1
   432 | D:1      | Found a faded altar of an unknown god.
   681 | D:1      | Reached skill level 3 in Axes
  1126 | D:2      | Reached XP level 3. HP: 24/33 MP: 2/2
  1269 | D:2      | Noticed Jessica
  1278 | D:2      | Killed Jessica
  1279 | D:2      | Reached XP level 4. HP: 30/40 MP: 3/3
  1282 | D:2      | Noticed Sigmund
  1293 | D:2      | Killed Sigmund
  1294 | D:2      | Reached skill level 4 in Axes
  1294 | D:2      | Reached XP level 5. HP: 27/47 MP: 4/4
  1473 | D:2      | Reached skill level 5 in Axes
  1778 | D:3      | Reached XP level 6. HP: 54/55 MP: 5/5
  2296 | D:4      | Reached skill level 5 in Shields
  2297 | D:4      | Reached skill level 5 in Fighting
  2364 | D:4      | Reached skill level 5 in Armour
  2622 | D:4      | Reached skill level 6 in Axes
  2623 | D:4      | Reached XP level 7. HP: 38/61 MP: 6/6
  2801 | D:4      | Found a shimmering blue altar of Sif Muna.
  2957 | D:4      | Noticed a wyvern
  2964 | D:4      | HP: 2/61 [wyvern (11)]
  2965 | D:4      | Mangled by a wyvern

Illustrated notes

Levels and vault maps discovered:
D:1:      erik_arrival_triangle_large, layout_basic, basic_ecumenical_altar,
          corexii_hall_statues_u
D:2:      layout_rooms, minmay_goblin_outpost, uniq_jessica, uniq_sigmund
D:3:      layout_basic, kennysheep_generic_room_13
D:4:      layout_basic, lemuel_blue_sif_altar

Skill      XL: |  1  2  3  4  5  6 |
---------------+-------------------+-----
Axes           | 3 4 5 6 |  6.2
Fighting       | 4 5 |  5.4
Armour         | 4 5 |  5.4
Shields        | 4 5 |  5.5

Action                   |  1- 3 |  4- 6 |  7- 9 || total
-------------------------+-------+-------+-------++-------
Melee: War axe           |    54 |    76 |    13 ||   143
       Headbutt          |     7 |    10 |       ||    17
  Use: Potion            |       |     1 |       ||     1
Armor: Scale mail        |    20 |    31 |     3 ||    54
Dodge: Dodged            |    23 |    43 |     5 ||    71
Block: Buckler           |     7 |    21 |     3 ||    31
